 Dungeon Crawl Stone Soup version 0.27-a0-522-g46bbb28828 (webtiles) character file.

Game seed: 649647344835553734

101800 gruber the Spry (level 16, -6/100 HPs)
             Began as a Kobold Berserker on Mar 4, 2021.
             Was a High Priest of Trog.
             Killed from afar by a shock serpent (30 damage)
             ... with a bolt of electricity
             ... on level 2 of the Snake Pit.
             The game lasted 00:41:19 (33313 turns).

gruber the Spry (Kobold Berserker)                 Turns: 33313, Time: 00:41:19

Health: -6/100     AC: 17    Str: 16    XL:     16   Next: 84%
Magic:  16/16      EV: 31    Int:  8    God:    Trog [*****.]
Gold:   1740       SH: 15    Dex: 24    Spells: 15/15 levels left

rFire    + . .     SeeInvis .   s - +4 short sword (vorpal)
rCold    + . .     Faith    .   w - +0 kite shield
rNeg     . . .     Spirit   .   Z - +3 ring mail of Daisies {rC+ Will+ Regen+ Str-5}
rPois    +         Reflect  +   H - +2 helmet
rElec    .         Harm     .   M - +0 cloak {rPois}
rCorr    .         Rampage  .   V - +0 pair of fencer's gloves {Riposte Dex+3}
Will     ++...                  (no boots)
Stlth    ++++++....             y - amulet of reflection
HPRegen  1.26/turn              p - +6 ring of strength
MPRegen  0.15/turn              S - ring of protection from fire

@: lethally poisoned (-6 -> -6), studying Ice Magic
A: small, nightstalker 3
a: Renounce Religion, Berserk, Trog's Hand, Brothers in Arms


You were on level 2 of the Snake Pit.
You worshipped Trog.
Trog was extremely pleased with you.
You visited 4 branches of the dungeon, and saw 25 of its levels.
You visited the Abyss 1 time.
You also visited: Bailey, Ice Cave and Volcano.

You collected 1778 gold pieces.
You spent 38 gold pieces at shops.

Inventory:

Hand Weapons
 s - a +4 vorpal short sword (weapon)
 t - a +2 dagger of venom
 B - a +3 dagger of electrocution
 U - a +5 antimagic short sword
Missiles
 g - 117 poisoned darts (quivered)
Armour
 a - a +4 ring mail of fire resistance
 w - a +0 kite shield (worn)
 H - a +2 helmet (worn)
 M - a +0 cloak of poison resistance (worn)
 V - the +0 pair of fencer's gloves (worn) {Riposte Dex+3}
   (You found it in an ice cave)

   It affects your dexterity (+3).
 Z - the +3 ring mail of Daisies (worn) {rC+ Will+ Regen+ Str-5}
   (You found it on level 3 of the Lair of Beasts)

   It affects your strength (-5).
   It protects you from cold.
   It affects your willpower, your defense against some magical effects.
   It increases your rate of regeneration.
Jewellery
 m - a ring of willpower
 p - a +6 ring of strength (left hand)
 y - an amulet of reflection (around neck)
 z - a ring of see invisible
 S - a ring of protection from fire (right hand)
 W - a +4 ring of evasion
Wands
 e - a wand of digging (6)
 A - a wand of mindburst (28)
 E - a wand of acid (12)
 N - a wand of iceblast (35)
 P - a wand of paralysis (14)
 Q - a wand of flame (60)
 R - a wand of polymorph (32)
 Y - a wand of charming (1)
Scrolls
 b - 4 scrolls of amnesia {unknown}
 d - 5 scrolls of magic mapping {unknown}
 h - a scroll of immolation {unknown}
 j - 11 scrolls of teleportation {unknown}
 l - 5 scrolls of fear {unknown}
 q - 4 scrolls of blinking {unknown}
 r - a scroll of fog
 v - 6 scrolls of enchant armour {unknown}
 x - a scroll of summoning {unknown}
 D - a scroll of holy word {unknown}
 I - a scroll of noise {unknown}
 L - a scroll of acquirement {unknown}
 O - a scroll of fog
 X - 4 scrolls of enchant weapon {unknown}
Potions
 c - 5 potions of resistance
 f - 6 potions of berserk rage
 i - 9 potions of flight
 k - 3 potions of lignification
 n - 5 potions of ambrosia
 o - 2 potions of invisibility
 u - 7 potions of heal wounds
 C - 3 potions of haste
 G - 4 potions of might
 K - 4 potions of curing
 T - 3 potions of attraction
Miscellaneous
 F - a lightning rod (4/4)
 J - a condenser vane


   Skills:
 - Level 11.2 Fighting
 - Level 16.0 Short Blades
 - Level 0.5 Slings
 - Level 11.2 Armour
 - Level 18.2 Dodging
 - Level 14.0 Stealth
 * Level 2.5 Shields
 - Level 0.3 Conjurations
 - Level 7.1 Evocations


You had 15 spell levels left.
You didn't know any spells.
Your spell library was empty.

Dungeon Overview and Level Annotations

Branches:
Dungeon (15/15)            Temple (1/1) D:4            Lair (6/6) D:8
  Swamp (0/4) Lair:4        Snake (3/4) Lair:3        Slime (0/5) Lair:6
    Orc (0/2) D:11         Vaults (0/5) D:13         Depths (0/5) D:15
 Bailey (visited)           IceCv (visited)         Volcano (visited)

Altars:
Ashenzari
Cheibriados
Dithmenos
Elyvilon
Fedhas
Gozag
Hepliaklqana
Kikubaaqudgha
Makhleb
Nemelex Xobeh
Okawaru
Qazlal
Ru
Sif Muna
Trog
Uskayaw
Vehumet
Wu Jian
Xom
Yredelemnul
Zin
The Shining One

Shops:
D:6 :   D:11 [   Snake:2 (*[

Annotations:
D:3 1 runed translucent door, whitenoisemaker's ghost, amateur DrTm
Lair:1 exclusion: 2 oklob plants


Innate Abilities, Weirdness & Mutations

You are small and have problems with some larger weapons.
You are completely attuned to the shadows.


Message History

The naga sharpshooter magically shoots an arrow.
The arrow hits you.
Unknown command.
You hit the shock serpent.
The shock serpent is severely wounded.
You block the shock serpent's attack.
The naga sharpshooter shoots an arrow.
The arrow closely misses you.
Unknown command.
You hit the shock serpent.
The shock serpent is severely wounded.
You feel sick.
The shock serpent shoots out a bolt of lightning at you!
The bolt of electricity hits you!
The naga sharpshooter shoots an arrow.
The arrow barely misses you.
You are too injured to fight recklessly!
Unknown command.
You are too injured to fight recklessly!
Unknown command.
You are too injured to fight recklessly!
Unknown command.
You are too injured to fight recklessly!
Unknown command.
You hit the shock serpent.
The shock serpent is severely wounded.
The shock serpent completely misses you. x2
You closely miss the shock serpent.
The shock serpent is severely wounded.
The naga sharpshooter spits poison at you.
The splash of poison reflects off an invisible shield around you!
The splash of poison hits the naga sharpshooter.
The naga sharpshooter is poisoned.
The shock serpent shoots out a bolt of lightning at you!
The bolt of electricity hits you!!
* * * LOW HITPOINT WARNING * * *
Unknown command.
You hit the shock serpent.
The shock serpent is almost dead.
The shock serpent shoots out a bolt of lightning at you!
The bolt of electricity hits you!!
You die...

####.# ##.....#......
###....# #.#....#...#..
##......## #.#...........
#..#...#<####....(.......
##......##..............#.
#....#...####....#......#.
##.........##N..##.....##.
#>..........#(.##...###..
#..#.##.@...##.#########.
##.##.##)S##...)......#..
##.....##.....####.....∩
###...N.......#.###.#..
##............ ###.∩
##..#S..#.#..###.#..
#..#.###..###.....∩
##..............#..
........########.


You could see a naga sharpshooter (poisoned, catching breath) and a shock
serpent.

Vanquished Creatures
  Rupert (D:14)
  Kirke (D:13)
  A nagaraja (Snake:2)
  A green death (Abyss:3)
  Josephine (D:11)
  2 fire dragons (D:15)
  4 naga warriors
  4 hydras
  5 anacondas
  3 centaur warriors
  A catoblepas (Lair:6)
  4 boulder beetles
  2 dancing weapons (D:13)
  7 two-headed ogres
  6 death yaks (Lair:6)
  A hell hog (Volcano)
  A deep troll shaman (Lair:6)
  2 tengu warriors (D:13)
  Urug (D:13)
  A shock serpent (Snake:2)
  4 naga sharpshooters
  4 sea snakes (Snake:2)
  3 unseen horrors
  An orc knight (D:15)
  A naga ritualist (Snake:2)
  A wizard (D:15)
  A lindwurm (Lair:6)
  Pikel (D:4)
  3 deep elf pyromancers
  8 ugly things
  An orc sorcerer (Abyss:3)
  A wolf spider zombie (D:15)
  6 cyclopes
  2 salamanders (Volcano)
  Maurice (D:10)
  A guardian serpent (Snake:3)
  5 elephants (Lair:6)
  6 black mambas
  4 naga magi
  14 cane toads
  An ice statue (IceCv)
  2 kobold demonologists
  A komodo dragon (shapeshifter) (D:14)
  9 freezing wraiths (IceCv)
  An efreet (D:15)
  Psyche (D:11)
  4 komodo dragons
  A rime drake (Lair:6)
  2 ice devils (D:15)
  A yaktaur (D:15)
  6 meliai
  5 trolls
  A tengu conjurer (D:13)
  8 polar bears
  A queen bee (D:13)
  2 wolf spider simulacra (IceCv)
  3 blink frogs (Lair:3)
  4 slime creatures (D:15)
  3 dream sheep (Lair:6)
  A meliai zombie (D:14)
  Sigmund (D:2)
  5 wraiths
  A shadow (D:12)
  2 fire bats (Volcano)
  4 wyverns
  23 yaks
  A hog (D:13)
  3 basilisks
  6 vampire mosquitoes
  2 steam dragons (D:12)
  A death yak simulacrum (IceCv)
  18 nagas
  An acid dragon (D:12)
  13 water moccasins
  A hell hound (Volcano)
  A floating eye (D:9)
  14 ice beasts
  6 sky beasts
  7 orc warriors
  A black bear (shapeshifter) (D:14)
  6 black bears
  3 boggarts (Lair:5)
  9 ogres
  A phantom (D:13)
  18 wolves
  8 centaurs
  3 kobold brigands (D:10)
  19 bullfrogs
  A gnoll sergeant (D:8)
  Dowan (D:7)
  A water moccasin skeleton (D:7)
  3 scorpions
  34 killer bees
  12 wights
  An electric eel (Lair:3)
  4 howler monkeys
  A centaur zombie (D:8)
  3 draconian simulacra (IceCv)
  2 bullfrog skeletons
  A quasit (D:14)
  6 centaur skeletons
  3 jellies
  9 orc priests
  5 hounds
  8 iguanas
  17 orc wizards
  Natasha (thrice) (D:2)
  A spriggan simulacrum (IceCv)
  A troll simulacrum (IceCv)
  7 worker ants
  A polar bear simulacrum (IceCv)
  2 centaur simulacra (IceCv)
  2 hound zombies
  3 hound skeletons
  A worker ant zombie (D:6)
  Robin (D:3)
  13 gnolls
  3 naga simulacra (IceCv)
  3 ogre simulacra (IceCv)
  17 adders
  A shadow imp (D:5)
  13 white imps
  2 ufetubi
  2 oozes
  An adder skeleton (D:9)
  A worm (D:2)
  8 leopard geckos
  47 orcs
  A ball python (D:4)
  2 giant cockroaches
  16 goblins
  6 hobgoblins
  7 jackals
  23 kobolds
  3 quokkas
  5 bats
  3 frilled lizards
  A jackal skeleton (D:5)
  A leopard gecko skeleton (D:7)
  2 quokka skeletons
  7 rats
  A lurking horror (Abyss:3)
675 creatures vanquished.

Vanquished Creatures (collateral kills)
  Harold (D:9)
  2 naga sharpshooters (Snake:2)
  A necromancer (IceCv)
  2 cane toads
  A black mamba (Lair:5)
  A freezing wraith (IceCv)
  A blink frog (Lair:3)
  2 dream sheep (Lair:6)
  15 yaks
  A vampire (D:15)
  A shadow (D:7)
  A basilisk (Lair:5)
  Duvessa (D:7)
  A water moccasin (Lair:6)
  2 orc warriors (D:15)
  5 wolves (Lair:6)
  A boggart (Lair:5)
  A centaur (D:9)
  3 killer bees (D:9)
  3 draconian simulacra (IceCv)
  A bullfrog skeleton (D:9)
  An iguana (D:9)
  An orc wizard (D:15)
  2 troll simulacra (IceCv)
  2 gnolls (D:9)
  2 ogre simulacra (IceCv)
  3 white imps (IceCv)
58 creatures vanquished.

Vanquished Creatures (others)
  A yak (Lair:6)
  A sky beast (D:13)
  A centaur (Volcano)
  15 fungi
  32 plants
50 creatures vanquished.

Grand Total: 783 creatures vanquished

Notes
Turn   | Place    | Note
-------+----------+-------------------------------------------
     0 | D:1      | gruber the Kobold Berserker began the quest for the Orb.
     0 | D:1      | Reached XP level 1. HP: 14/14 MP: 1/1
   291 | D:1      | Reached XP level 2. HP: 19/19 MP: 2/2
   467 | D:1      | Reached skill level 5 in Short Blades
  1034 | D:2      | Reached XP level 3. HP: 13/23 MP: 3/3
  1310 | D:2      | Reached ** piety under Trog
  1683 | D:2      | Reached XP level 4. HP: 25/28 MP: 4/4
  1898 | D:2      | Noticed Sigmund
  1911 | D:2      | Killed Sigmund
  1912 | D:2      | Reached XP level 5. HP: 32/32 MP: 5/5
  1912 | D:2      | Reached XP level 6. HP: 37/37 MP: 6/6
  2009 | D:2      | Found a snail-covered altar of Cheibriados.
  2041 | D:2      | Noticed Natasha
  2063 | D:2      | Killed Natasha
  2208 | D:2      | Noticed Natasha
  2221 | D:2      | Killed Natasha
  2440 | D:2      | Noticed Natasha
  2449 | D:2      | Killed Natasha
  2812 | D:3      | Found a glowing golden altar of the Shining One.
  2812 | D:3      | Found a shadowy altar of Dithmenos.
  2987 | D:3      | Reached skill level 3 in Dodging
  3015 | D:3      | Found a runed translucent door.
  3016 | D:3      | Noticed whitenoisemaker's ghost (amateur DrTm)
  3153 | D:3      | Noticed Robin
  3160 | D:3      | Reached *** piety under Trog
  3171 | D:3      | Reached XP level 7. HP: 21/41 MP: 7/7
  3184 | D:3      | Killed Robin
  3457 | D:3      | Reached skill level 4 in Dodging
  3465 | D:3      | Found a broken altar of Ashenzari.
  4161 | D:4      | Found a staircase to the Ecumenical Temple.
  4199 | D:4      | Reached skill level 5 in Dodging
  4264 | Temple   | Entered the Ecumenical Temple
  5136 | D:4      | Noticed Pikel
  5160 | D:4      | Killed Pikel
  5161 | D:4      | Reached skill level 8 in Dodging
  5161 | D:4      | Reached XP level 8. HP: 28/46 MP: 8/8
  5693 | D:5      | Entered Level 5 of the Dungeon
  5749 | D:5      | Reached skill level 9 in Dodging
  5865 | D:5      | Reached skill level 5 in Fighting
  5920 | D:5      | Found a blossoming altar of Fedhas.
  6039 | D:5      | Reached XP level 9. HP: 54/54 MP: 9/9
  6203 | D:5      | Reached **** piety under Trog
  6720 | D:6      | Found Haol's Book Boutique.
  7073 | D:6      | Noticed a two-headed ogre
  7085 | D:6      | Killed a two-headed ogre
  7454 | D:6      | Found a bloodstained altar of Trog.
  7627 | D:6      | Reached skill level 10 in Fighting
  7661 | D:6      | Reached XP level 10. HP: 51/68 MP: 10/10
  8247 | D:7      | Noticed Duvessa
  8247 | D:7      | Noticed Dowan
  8274 | D:7      | Killed Duvessa
  8275 | D:7      | Reached skill level 10 in Short Blades
  8293 | D:7      | Killed Dowan
  9263 | D:7      | Reached ***** piety under Trog
 10876 | D:8      | Found a staircase to the Lair.
 11081 | D:9      | Reached XP level 11. HP: 52/72 MP: 11/11
 11755 | D:9      | Noticed a cyclops
 11773 | D:9      | Killed a cyclops
 11774 | D:9      | Reached skill level 15 in Short Blades
 11840 | D:9      | Paralysed by a floating eye for 2 turns
 12240 | D:9      | Noticed Harold
 12254 | D:9      | Killed Harold
 12571 | D:10     | Entered Level 10 of the Dungeon
 12817 | D:10     | Found a snail-covered altar of Cheibriados.
 13427 | D:10     | Reached skill level 5 in Stealth
 13585 | D:10     | Noticed Maurice
 13637 | D:10     | Received a gift from Trog
 13650 | D:10     | Killed Maurice
 13983 | D:11     | Found Mamoiw's Antique Armour Shoppe.
 14098 | D:11     | Found a staircase to the Orcish Mines.
 14106 | D:11     | Noticed Josephine
 14150 | D:11     | Killed Josephine
 14156 | D:11     | Reached XP level 12. HP: 22/77 MP: 12/12
 14821 | D:11     | Noticed Psyche
 14825 | D:11     | Killed Psyche
 14826 | D:11     | Reached skill level 10 in Stealth
 15415 | D:12     | Noticed a two-headed ogre
 15430 | D:12     | Killed a two-headed ogre
 15451 | D:12     | Noticed a centaur warrior
 15475 | D:12     | Killed a centaur warrior
 15555 | D:12     | HP: 2/77 [something (5)]
 15574 | D:12     | Killed an unseen horror
 16191 | D:12     | Identified the +4 buckler of Joqackur {-Tele rPois Int+7}
 16392 | D:12     | Received a gift from Trog
 16690 | Lair:1   | Entered Level 1 of the Lair of Beasts
 16717 | Lair:1   | Noticed an eight-headed hydra
 16748 | Lair:1   | HP: 3/115 [eight-headed hydra (10)]
 16750 | Lair:1   | Killed an eight-headed hydra
 17411 | Lair:1   | Reached skill level 5 in Armour
 17598 | Lair:1   | Found a glowing silver altar of Zin.
 17694 | Lair:1   | Reached XP level 13. HP: 82/82 MP: 4/13
 18290 | Lair:2   | Noticed a boulder beetle
 18295 | Lair:2   | Killed a boulder beetle
 18790 | Lair:2   | Found a dark tunnel.
 18809 | Volcano  | Entered a volcano
 19240 | Volcano  | HP: 2/82 [salamander/+4 halberd (3)]
 20130 | Lair:3   | HP: 2/82 [yak (8)]
 20777 | Lair:3   | Found a staircase to the Snake Pit.
 21131 | Lair:3   | Identified the +3 ring mail of Daisies {rC+ Will+ Regen+
                  | Str-5}
 21825 | Lair:4   | Noticed a five-headed hydra
 21831 | Lair:4   | Killed a five-headed hydra
 21931 | Lair:4   | Reached skill level 10 in Armour
 22165 | Lair:4   | You fall into a shaft and drop 1 floor!
 22170 | Lair:5   | Noticed a boulder beetle
 22175 | Lair:5   | Killed a boulder beetle
 22294 | Lair:5   | Reached XP level 14. HP: 69/88 MP: 4/14
 22976 | Lair:4   | Found a staircase to the Swamp.
 23500 | Lair:6   | Entered Level 6 of the Lair of Beasts
 23664 | Lair:6   | Identified the +1 robe of Pan-Flutes {-Tele rElec rF+
                  | Regen+}
 24039 | Lair:6   | Reached skill level 10 in Dodging
 24180 | Lair:6   | Found a staircase to the Slime Pits.
 24334 | Lair:6   | Reached skill level 11 in Dodging
 24806 | Lair:6   | Reached skill level 12 in Dodging
 25468 | Lair:6   | Reached skill level 13 in Dodging
 25469 | Lair:6   | HP: 1/88 [lindwurm/blast of flame (13)]
 25476 | Lair:6   | HP: 1/132 [lindwurm (8)]
 26300 | D:13     | Found a flagged portal.
 26497 | Bailey   | Entered a bailey
 26729 | D:13     | Reached XP level 15. HP: 53/92 MP: 5/15
 26790 | D:13     | Reached skill level 14 in Dodging
 26866 | D:13     | Noticed Urug
 26925 | D:13     | Killed Urug
 27230 | D:13     | Found a gate to the Vaults.
 27278 | D:13     | Noticed Kirke
 27330 | D:13     | Killed Kirke
 27331 | D:13     | Reached skill level 15 in Dodging
 27634 | D:14     | Noticed Rupert
 27635 | D:14     | Killed Rupert
 28537 | D:14     | Reached skill level 16 in Dodging
 28686 | D:14     | Reached skill level 1 in Evocations
 29268 | D:15     | Entered Level 15 of the Dungeon
 29316 | D:15     | Reached skill level 5 in Evocations
 29572 | D:15     | Cast into level 3 of the Abyss (a wizard)
 29673 | Abyss:3  | Noticed an Executioner
 29715 | D:15     | Escaped the Abyss
 29771 | D:15     | Identified the +0 robe of Hadjma {+Inv Will+ Str+3}
 29789 | D:15     | Found a frozen archway.
 29826 | IceCv    | Entered an ice cave
 29915 | IceCv    | Reached XP level 16. HP: 84/97 MP: 16/16
 29988 | IceCv    | Received a gift from Trog
 30309 | IceCv    | Found an ancient bone altar of Kikubaaqudgha.
 30546 | IceCv    | Found the +0 pair of fencer's gloves {Riposte Dex+3}
 30988 | D:15     | Reached skill level 17 in Dodging
 31061 | D:15     | Found a staircase to the Depths.
 31612 | Snake:1  | Entered Level 1 of the Snake Pit
 31645 | Snake:1  | Received a gift from Trog
 32473 | Snake:2  | Reached skill level 18 in Dodging
 32646 | Snake:2  | Noticed a nagaraja
 32667 | Snake:2  | Killed a nagaraja
 32668 | Snake:2  | HP: 3/98 [naga sharpshooter/arrow (17)]
 33069 | Snake:2  | Found Vauh's Antique Weapon Boutique.
 33070 | Snake:2  | Found Izuaseig's General Store.
 33071 | Snake:2  | Found Nimiel's Antique Armour Boutique.
 33095 | Snake:2  | Reached skill level 1 in Shields
 33119 | Snake:2  | Bought a scroll of fog for 38 gold pieces
 33196 | Snake:2  | Noticed a nagaraja
 33313 | Snake:2  | Killed from afar by a shock serpent

Illustrated notes

Levels and vault maps discovered:
D:1:      dpeg_arrival_lava_temple_mockup, layout_basic
D:2:      layout_basic, lemuel_coloured_pillars_altar, uniq_natasha,
          uniq_sigmund
D:3:      layout_loops_corners, evilmike_ruin_ashenzari,
          gammafunk_temple_overflow_wave, gammafunk_ghost_grave, uniq_robin
D:4:      layout_loops_ring, temple_doors_e, hangedman_feature_mirror,
          uniq_pikel
D:5:      layout_loops_ring, chequers_serial_rivers_micro_e,
          supply_closet_lemuel, fedhas_altar_1
D:6:      layout_loops_corners, serial_shops, shop, basic_altar
D:7:      layout_basic, uniq_duvessa
D:8:      layout_gridville, david_lair_generic
D:9:      layout_cave_pools, onia_ninara_cookie, uniq_harold
D:10:     layout_grid_maze, basic_altar, uniq_maurice
D:11:     layout_grid_maze, david_orc_2, serial_shops, nicolae_shop_trees,
          uniq_josephine, uniq_psyche
D:12:     layout_basic, minmay_bent
D:13:     layout_roguey, erik_vaults_1, special_room [special_room_bee],
          enter_bailey_8, uniq_urug, uniq_kirke
D:14:     layout_roguey, chequers_serial_rivers_micro_b, minmay_hedge_maze,
          minivault_21, uniq_rupert
D:15:     grunt_enter_depths_hoard, layout_cave_pools,
          portal_ice_cave_demonic_guard, hangedman_decor_diamond_cutter,
          minmay_sticks_and_stones
Temple:   hc_temple_tempest_star
Lair:1:   layout_gridlike, basic_altar, chequers_serial_rivers_micro_c,
          minmay_lair_oklob_chamber, grunt_megastairs_2,
          infiniplex_staircase_pool_2
Lair:2:   layout_regular_city, nicolae_volcano_entry_s_turn,
          lemuel_fruit_fields, grunt_megastairs_5
Lair:3:   layout_loops_ring, minmay_snake_entry_guardpost_small,
          chequers_serial_rivers_marsh, grunt_megastairs_1,
          infiniplex_staircase_pool
Lair:4:   layout_cave_pods, minmay_swamp_entry_reptiles, minivault_11,
          beast_lair_carwin_3
Lair:5:   layout_cave_shapes, kilobyte_rumbling_trees
Lair:6:   grunt_lair_end_beastmaster, layout_regular_city, slime_dummy
Snake:1:  layout_cave_pods
Snake:2:  nicolae_sea_snake_s, layout_onion_interference, minmay_shop_star
Snake:3:  layout_misc_corridors, serial_shops, shop, serial_bayou_shore_b,
          grunt_megastairs_3

Skill      XL: |  1  2  3  4  5  6  7  8  9 10 11 12 13 14 15 16 |
---------------+-------------------------------------------------+-----
Short Blades   | 5 6 8 9 14 16 | 16.0
Dodging        | 3 8 9 13 16 18 | 18.2
Fighting       | 5 10 11 | 11.2
Stealth        | 9 13 14 | 14.0
Armour         | 5 10 11 | 11.2
Evocations     | 7 |  7.1
Shields        | 2 |  2.5
Slings         | |  0.5
Conjurations   | |  0.3

Action                   |  1- 3 |  4- 6 |  7- 9 | 10-12 | 13-15 | 16-18 || total
-------------------------+-------+-------+-------+-------+-------+-------++-------
Melee: Short sword       |    85 |   163 |    72 |   423 |  1329 |   572 ||  2644
       Dagger            |       |       |   233 |   906 |   585 |   139 ||  1863
Throw: Dart              |       |       |       |       |     8 |     1 ||     9
Invok: Berserk           |     1 |     2 |     3 |     3 |     6 |     3 ||    18
       Brothers in Arms  |       |       |       |     3 |     7 |     4 ||    14
       Trog's Hand       |       |       |       |     4 |    12 |     3 ||    19
Evoke: Lightning rod     |       |       |       |     3 |     3 |       ||     6
       Condenser vane    |       |       |       |     1 |     1 |       ||     2
       Wand              |       |       |       |       |     4 |       ||     4
  Use: Potion            |       |       |       |     2 |     2 |       ||     4
       Scroll            |       |       |       |       |    13 |     1 ||    14
 Stab: Sleeping          |     9 |     5 |    17 |    32 |    62 |    23 ||   148
       Distracted        |       |       |     1 |     2 |     5 |     5 ||    13
       Confused          |       |       |       |     1 |       |       ||     1
       Petrified         |       |       |       |       |     2 |       ||     2
Armor: Leather armour    |    10 |    16 |    16 |    39 |     1 |       ||    82
       Scale mail        |       |       |       |   105 |     7 |       ||   112
       Ring mail         |       |       |       |       |   268 |    73 ||   341
Dodge: Dodged            |    43 |    91 |   159 |   661 |  1297 |   566 ||  2817
Block: Other             |       |       |       |   160 |   306 |   105 ||   571
       Reflection        |       |       |       |     1 |     9 |    12 ||    22
       Kite shield       |       |       |       |       |       |    41 ||    41
       Rpst.: Short sword |       |       |       |       |       |    62 ||    62
       Dagger            |       |       |       |       |       |    21 ||    21

Table legend: (Time is in decaauts)
 A = Elapsed time spent in this place.
 B = Non-inter-level travel time spent in this place.
 C = Inter-level travel time spent in this place.
 D = Time resting spent in this place.
 E = Time spent auto-exploring this place.
 F = Levels seen in this place.
 G = Mean time per level.
                   A        B        C        D        E       F      G
               +--------+--------+--------+--------+--------+-----+--------+
         Total |  31309 |  29073 |   2236 |    790 |  22872 |  29 | 1079.6 |
       Dungeon |  19766 |  17992 |   1774 |    385 |  14672 |  15 | 1317.7 |
        Temple |    307 |    292 |     15 |      0 |    292 |   1 |  307.0 |
          Lair |   7915 |   7528 |    387 |    201 |   6175 |   6 | 1319.2 |
     Snake Pit |   1568 |   1511 |     57 |      0 |   1085 |   3 |  522.7 |
         Abyss |    140 |    140 |      0 |      0 |     27 |   1 |  140.0 |
        Bailey |    124 |    124 |      0 |      0 |     14 |   1 |  124.0 |
      Ice Cave |    691 |    691 |      0 |      0 |    268 |   1 |  691.0 |
       Volcano |    793 |    793 |      0 |    203 |    337 |   1 |  793.0 |
               +--------+--------+--------+--------+--------+-----+--------+

Top non-repeatable levels by time:
    D:11: 1948 daAuts
  Lair:6: 1931 daAuts
     D:6: 1622 daAuts
     D:2: 1582 daAuts
  Lair:1: 1561 daAuts
     D:3: 1479 daAuts
     D:9: 1441 daAuts
    D:10: 1422 daAuts
  Lair:3: 1417 daAuts
    D:13: 1398 daAuts
     D:7: 1384 daAuts
    D:12: 1308 daAuts
     D:4: 1279 daAuts
  Lair:4: 1193 daAuts
     D:8: 1150 daAuts
